 Dungeon Crawl Stone Soup version 0.26.1-10-gdfb7c7de75 (webtiles) character file.

Game seed: 639747754184780967

3794 manyhoops the Transmogrifier (level 9, 0/111 HPs)
             Began as a Palentonga Transmuter on Apr 2, 2021.
             Was a Believer of Hepliaklqana.
             Killed by vampiric draining
             ... invoked by a vampire
              (10 damage)
             ... on level 9 of the Dungeon.
             The game lasted 00:19:15 (10426 turns).

manyhoops the Transmogrifier (PaTm)                Turns: 10426, Time: 00:19:16

Health: 0/111      AC: 14    Str: 16    XL:     9   Next: 96%
Magic:  17/17      EV: 11    Int: 15    God:    Hepliaklqana [**....]
Gold:   149        SH:  0    Dex: 15    Spells: 3/18 levels left

rFire    + . .     SeeInvis +     - Unarmed
rCold    + . .     Faith    .   (no shield)
rNeg     . . .     Spirit   .   d - +2 robe {rC+}
rPois    .         Reflect  .   (helmet currently unavailable)
rElec    .         Harm     .   (no cloak)
rCorr    .         Rampage  .   (no gloves)
Will     .....                  (no barding)
Stlth    ..........             a - amulet of the acrobat
HPRegen  0.28/turn              l - ring of the Octopus King {rF+ AC+1 EV+1 Str+1 Int+1 Dex+1}
MPRegen  0.15/turn              (no ring)

@: berserking (expiring), appendages, curled up, very quick
A: large, reduced essence, horns 2, talons 2, rugged brown scales 3, see
invisible, agile 1, deformed body, roll 1, armoured tail, reflexive curl
a: Rolling Charge, End Transformation, Renounce Religion, Recall Ancestor,
Ancestor Identity


You were on level 9 of the Dungeon.
You worshipped Hepliaklqana.
Hepliaklqana was pleased with you.
You had grown temporary horns.
You had grown temporary talons.
You visited 2 branches of the dungeon, and saw 10 of its levels.

You collected 510 gold pieces.
You spent 361 gold pieces at shops.

Inventory:

Missiles
 k - 18 poisoned darts
Armour
 c - a +2 buckler
 d - a +2 robe of cold resistance (worn)
 v - a +2 helmet of intelligence (melded)
Jewellery
 a - an amulet of the acrobat (around neck)
 f - an uncursed amulet of reflection
 l - a ring of the Octopus King (left hand) {rF+ AC+1 EV+1 Str+1 Int+1 Dex+1}
   (You bought it in a shop on level 4 of the Dungeon)

   [ring of protection from fire]

   It affects your AC (+1).
   It affects your evasion (+1).
   It affects your strength (+1).
   It affects your intelligence (+1).
   It affects your dexterity (+1).
   It protects you from fire.
 x - a +4 ring of evasion
Wands
 j - a wand of flame (12)
 p - a wand of random effects (11)
 w - a wand of enslavement (9)
 y - a wand of polymorph (2)
Scrolls
 b - 2 scrolls of remove curse
 e - 2 scrolls of teleportation
 g - 5 scrolls of enchant armour
 h - 3 scrolls of enchant weapon
 i - a scroll of fog
 n - 2 scrolls of blinking
 q - a scroll of summoning {unknown}
 r - a scroll of magic mapping {unknown}
 s - a scroll of fear {unknown}
 u - 2 scrolls of amnesia
 A - a scroll of identify
Potions
 o - 2 potions of mutation
 t - a potion of heal wounds {unknown}
 z - 2 potions of haste


   Skills:
 - Level 6.3 Fighting
 - Level 1.5 Dodging
 - Level 7.5 Unarmed Combat
 - Level 5.4 Spellcasting
 + Level 9.5 Transmutations


You had 3 spell levels left.
You knew the following spells:

 Your Spells              Type           Power        Failure   Level
a - Beastly Appendage     Tmut           64%          1%          1
b - Wereblood             Tmut           32%          1%          2
c - Spider Form           Tmut/Pois      9%           7%          3
d - Ice Form              Ice/Tmut       18%          22%         4
e - Blade Hands           Tmut           16%          9%          5

Your spell library contained the following spells:

 Spells                   Type           Power        Failure   Level
 Animate Skeleton         Necr           8%           16%         1


Dungeon Overview and Level Annotations

Branches:
Dungeon (9/15)             Temple (1/1) D:4            Lair (0/6) D:8
    Orc: D:9-12

Altars:
Elyvilon
Fedhas
Gozag
Hepliaklqana
Kikubaaqudgha
Makhleb
Okawaru
Ru
Sif Muna
Trog
Vehumet
Wu Jian
Xom
Yredelemnul
Zin
The Shining One

Shops:
D:4 *([   D:8 :


Innate Abilities, Weirdness & Mutations

You are completely covered in rugged brown scales. (AC +3, +7% HP)
You have supernaturally acute eyesight. (SInv)
Armour fits poorly on your strangely shaped body.
You can roll at nearby foes to attack.
You have a long armoured tail.
You curl defensively after being hit.
Your life essence is reduced to manifest your ancestor. (-10% HP)
You have a pair of horns on your head.
You have razor-sharp toenails.
You are agile. (Dex +2)


Message History

The vampire misses you.
Zola barely misses the vampire.
You punch the vampire! Your kick misses the vampire.
Your tail-slap misses the vampire.
The vampire is moderately damaged.
You closely miss Zola.
Zola is lightly damaged.
The vampire hits you.
* * * LOW HITPOINT WARNING * * *
The vampire bites you but does no damage.
Zola casts a spell at the vampire.
The vampire easily resists.
You punch the vampire! Your kick misses the vampire.
The vampire is severely damaged.
You feel less confused.
Zola closely misses the vampire.
You are too berserk!
You hit the vampire.
The vampire is severely damaged.
The vampire is infused with unholy energy.
You die...

#....... #...... ...
#..... ....#####....#
#.............#
..............#
#...........R.######
##...........V.......
.......^.....@.......
.....................
.....................
##...................
........................
........................
....####...#########...#
......#.......# ...#
#.....#.......#


You could see the friendly Zola the hexer and a vampire (invisible).

Vanquished Creatures
  Pikel (D:5)
  Grinder (D:5)
  Sigmund (D:2)
  2 orc warriors (D:7)
  2 black bears
  2 ice beasts
  A phantom (D:5)
  2 ogres
  4 centaurs
  A lemure (D:5)
  2 bullfrogs
  Blork the orc (D:6)
  2 scorpions (D:5)
  2 howler monkeys
  2 jellies (D:8)
  2 hounds
  2 iguanas (D:4)
  6 orc priests
  4 orc wizards
  Jessica (D:3)
  8 worker ants
  A hound zombie (D:8)
  A hound skeleton (D:6)
  2 worker ant zombies (D:7)
  Robin (D:2)
  8 adders
  3 gnolls
  A howler monkey skeleton (D:7)
  2 white imps (D:5)
  2 worms (D:2)
  A dart slug (D:1)
  4 leopard geckos
  18 orcs
  10 giant cockroaches
  14 goblins
  3 hobgoblins
  14 jackals
  3 quokkas
  A ball python (D:3)
  4 bats
  8 frilled lizards
  3 kobolds
  2 quokka zombies
  9 rats
164 creatures vanquished.

Vanquished Creatures (collateral kills)
  A phantom (D:7)
  A black bear (D:7)
  An ogre (D:9)
  A centaur (D:8)
  A bullfrog (D:8)
  A hound (D:7)
  A centaur skeleton (D:7)
  A bullfrog skeleton (D:8)
  A white imp (D:9)
  An adder skeleton (D:9)
  A leopard gecko (D:5)
  2 orcs (D:8)
  A giant cockroach (D:5)
14 creatures vanquished.

Vanquished Creatures (others)
  An orc wizard (D:7)
  An ancestor (D:7)
2 creatures vanquished.

Grand Total: 180 creatures vanquished

Notes
Turn   | Place    | Note
-------+----------+-------------------------------------------
     0 | D:1      | manyhoops the Palentonga Transmuter began the quest for the
                  | Orb.
     0 | D:1      | Reached XP level 1. HP: 17/17 MP: 3/3
   333 | D:1      | Reached XP level 2. HP: 24/24 MP: 3/5
  1036 | D:1      | Gained mutation: You have large cloven feet. [potion of
                  | mutation]
  1036 | D:1      | Lost mutation: You have large cloven feet. [potion of
                  | mutation]
  1036 | D:1      | Gained mutation: You are agile. (Dex +2) [potion of
                  | mutation]
  1103 | D:2      | Noticed Sigmund
  1188 | D:2      | Reached XP level 3. HP: 9/31 MP: 6/6
  1920 | D:2      | Reached XP level 4. HP: 38/38 MP: 5/7
  2118 | D:2      | Noticed Robin
  2173 | D:1      | Learned a level 2 spell: Wereblood
  2183 | D:2      | Killed Robin
  2786 | D:3      | Noticed Jessica
  2794 | D:3      | Killed Jessica
  2795 | D:3      | Reached skill level 5 in Unarmed Combat
  2941 | D:3      | Found an ornate altar of the Wu Jian Council.
  3079 | D:3      | Reached XP level 5. HP: 44/44 MP: 8/8
  3524 | D:4      | Found Koweq's Armour Shoppe.
  4426 | D:4      | Found Qalek's Weapon Emporium.
  4464 | D:4      | Reached XP level 6. HP: 35/54 MP: 7/9
  4901 | D:4      | Found Zose's Assorted Antiques.
  4936 | D:4      | Bought a ring of the Octopus King for 130 gold pieces
  4936 | D:4      | Found the ring of the Octopus King
  4936 | D:4      | Identified a ring of the Octopus King {rF+ AC+1 EV+1 Str+1
                  | Int+1 Dex+1} (You bought it in a shop on level 4 of the
                  | Dungeon)
  4985 | D:4      | Found a staircase to the Ecumenical Temple.
  5010 | Temple   | Entered the Ecumenical Temple
  5282 | D:2      | Killed Sigmund
  5283 | D:2      | Gained mutation: You curl defensively after being hit.
                  | [Palentonga growth]
  5283 | D:2      | Reached XP level 7. HP: 62/62 MP: 8/10
  5371 | D:5      | Entered Level 5 of the Dungeon
  5405 | D:5      | Reached skill level 5 in Fighting
  5726 | D:5      | Noticed Pikel
  5820 | D:5      | Reached XP level 8. HP: 65/75 MP: 9/11
  6101 | D:6      | Found a hazy altar of Hepliaklqana.
  6113 | D:6      | Became a worshipper of Hepliaklqana the Forgotten
  6133 | D:6      | Noticed Blork the orc
  6145 | D:6      | Reached skill level 3 in Transmutations
  6147 | D:6      | Killed Blork the orc
  6806 | D:5      | Reached skill level 4 in Transmutations
  6835 | D:5      | Killed Pikel
  6836 | D:5      | Reached skill level 5 in Transmutations
  7265 | D:5      | Noticed Grinder
  7272 | D:5      | Killed Grinder
  7273 | D:5      | Reached skill level 6 in Transmutations
  7273 | D:5      | Reached XP level 9. HP: 55/74 MP: 15/15
  7278 | D:5      | Learned a level 3 spell: Spider Form
  7621 | D:7      | Reached skill level 7 in Transmutations
  7798 | D:7      | Reached skill level 5 in Spellcasting
  7990 | D:7      | Found a sacrificial altar of Ru.
  8251 | D:7      | Reached * piety under Hepliaklqana
  8318 | D:7      | Found an iron altar of Okawaru.
  8608 | D:7      | Found a radiant altar of Vehumet.
  8608 | D:7      | Found an ancient bone altar of Kikubaaqudgha.
  8609 | D:7      | Found a shimmering blue altar of Sif Muna.
  8629 | D:7      | Reached skill level 8 in Transmutations
  8684 | D:7      | Identified Kikubaaqudgha's Catalogue of Evil Arts
  8834 | D:4      | Bought a +1 helmet of intelligence for 231 gold pieces
  8906 | D:5      | Learned a level 4 spell: Ice Form
  8912 | D:5      | Learned a level 5 spell: Blade Hands
  9136 | D:8      | Found a staircase to the Lair.
  9314 | D:8      | Found Zibauxun's Book Boutique.
  9508 | D:8      | Reached skill level 9 in Transmutations
  9761 | D:8      | Reached ** piety under Hepliaklqana
 10401 | D:9      | Remembered your ancestor Zola as a hexer
 10426 | D:9      | Killed from afar by a vampire

Illustrated notes

Levels and vault maps discovered:
D:1:      dpeg_arrival_houses_and_road, layout_basic, dk_noncrumbling_4
D:2:      layout_basic, uniq_sigmund, uniq_robin
D:3:      layout_loops_corners, nzn_wu_jian_council_hall, uniq_jessica
D:4:      layout_cave_pools, nemelex_xobeh_ov_fountains_minmay,
          minmay_temple_entry_mini_moons, serial_shops, nicolae_shop_crystal,
          shop, nicolae_shop_stone, nicolae_shop_statue_plus,
          minmay_misc_feat_columns
D:5:      layout_cave_pools, gup_sewer_entry_pipe, uniq_grinder, uniq_pikel
D:6:      layout_basic, old_standard_altar, uniq_blork_the_orc
D:7:      layout_basic, grunt_temple_overflow_magic_moments,
          nicolae_ru_awakened_eye, basic_altar
D:8:      layout_cave_pods, lair_entry_dummy, serial_shops, nicolae_shop_stone
D:9:      layout_grid_maze, minmay_overflow_temple_hex, evilmike_minifort,
          uniq_erolcha, uniq_gastronok
Temple:   compressed_dpeg_triangle_lava_temple

Skill      XL: |  1  2  3  4  5  6  7  8  9 |
---------------+----------------------------+-----
Unarmed Combat | 4 5 6 7 |  7.5
Fighting       | 2 3 6 |  6.3
Transmutations | 6 9 |  9.5
Spellcasting   | 4 5 |  5.4
Dodging        | |  1.5

Action                   |  1- 3 |  4- 6 |  7- 9 || total
-------------------------+-------+-------+-------++-------
Melee: Unarmed           |   105 |   152 |   336 ||   593
       Kick              |    10 |    13 |    29 ||    52
       Headbutt          |     7 |     7 |    24 ||    38
       Tailslap          |     9 |    14 |    53 ||    76
       Punch             |       |     3 |     8 ||    11
 Cast: Beastly Appendage |    13 |     8 |    14 ||    35
       Wereblood         |       |     3 |     9 ||    12
       Spider Form       |       |       |     1 ||     1
Invok: Ancestor Life: He |       |       |     1 ||     1
 Abil: Rolling Charge    |     5 |     5 |    15 ||    25
  Use: Scroll            |     5 |     4 |     9 ||    18
       Potion            |     1 |     3 |     5 ||     9
 Stab: Sleeping          |     1 |     1 |     2 ||     4
       Invisible         |       |     2 |       ||     2
       Distracted        |       |       |     4 ||     4
Armor: Robe              |    32 |    54 |   101 ||   187
Dodge: Dodged            |    47 |    84 |   186 ||   317
Block: Other             |    12 |    28 |    19 ||    59
       Reflection        |       |     2 |     1 ||     3
